 Dungeon Crawl Stone Soup version 0.23.2-1-ga50397a6bc (webtiles) character file.

Game seed: 16613007883569421920

334987 Supaplex the Hoplite (level 21, -11/194 HPs)
             Began as a Minotaur Fighter on May 31, 2019.
             Was the Champion of Trog.
             Mangled by a red very ugly thing (12 damage)
             ... summoned by a boggart
             ... on level 3 of the Depths on June 1, 2019.
             The game lasted 02:46:28 (30551 turns).

Supaplex the Hoplite (Minotaur Fighter)            Turns: 30551, Time: 02:46:28

Health: -11/194    AC: 26    Str: 31    XL:     21   Next: 26%
Magic:  0/24       EV: 10    Int:  7    God:    Trog [******]
Gold:   1748       SH: 27    Dex: 11    Spells: 20/20 levels left

rFire    + + .     SeeInvis +   R - +9 broad axe (vamp)
rCold    + + .     Gourm    .   x - +0 large shield
rNeg     + . .     Faith    .   k - +3 gold dragon scales
rPois    +         Spirit   +   W - +2 hat {MR+}
rElec    .         Reflect  .   D - scarf {Spirit}
rCorr    .         Harm     .   (no gloves)
MR       ++...                  (no boots)
Stlth    ..........             b - amulet of Moodiness {Acrobat Slay+3}
HPRegen  0.82/turn              h - +6 ring of slaying
MPRegen  0.19/turn              K - ring of Tension {rF+ rC+ rN+ Str+3}

@: constricted, studying Maces & Flails
A: retaliatory headbutt, horns 2, see invisible, deterioration 1, low mp 1,
regeneration 1
}: 1/15 runes: decaying
a: Berserk, Trog's Hand, Brothers in Arms, Renounce Religion


You were on level 3 of the Depths.
You worshipped Trog.
Trog was exalted by your worship.
You were not hungry.

You visited 7 branches of the dungeon, and saw 35 of its levels.
You also visited: Bailey.

You collected 4051 gold pieces.
You spent 2303 gold pieces at shops.

Inventory:

Hand Weapons
 c - a +5 antimagic broad axe
 u - a +6 demon whip of venom
 R - a +9 vampiric broad axe (weapon)
Missiles
 Q - 73 tomahawks of returning (quivered)
Armour
 k - +3 gold dragon scales (worn)
 x - a +0 large shield (worn)
 D - a scarf of spirit shield (worn)
 W - a +2 hat of magic resistance (worn)
Jewellery
 b - the amulet of Moodiness (around neck) {Acrobat Slay+3}
   (You bought it in a shop on level 1 of the Orcish Mines)

   [amulet of the acrobat]

   It helps you evade while moving and waiting.
   It affects your accuracy and damage with ranged weapons and melee attacks
   (+3).
 h - a +6 ring of slaying (left hand)
 v - an uncursed ring of protection from fire
 F - an uncursed ring of positive energy
 I - an uncursed ring of resist corrosion
 K - the ring of Tension (right hand) {rF+ rC+ rN+ Str+3}
   (You found it on level 3 of the Swamp)

   [ring of protection from fire]

   It affects your strength (+3).
   It protects you from fire.
   It protects you from cold.
   It protects you from negative energy.
 L - an uncursed ring of flight
 Z - an uncursed ring of protection from cold
Wands
 a - a wand of flame (94)
 o - a wand of polymorph (5)
 t - a wand of clouds (9)
 y - a wand of paralysis (8)
 z - a wand of digging (13)
 P - a wand of scattershot (7)
 S - a wand of disintegration (4)
 T - a wand of enslavement (5)
 X - a wand of acid (14)
 Y - a wand of iceblast (40)
Scrolls
 g - 2 scrolls of fear
 i - 19 scrolls of teleportation
 j - 25 scrolls of remove curse
 n - 3 scrolls of identify
 q - 2 scrolls of summoning
 w - a scroll of silence
 G - 8 scrolls of blinking
Potions
 e - 8 potions of heal wounds
 r - 7 potions of agility
 s - a potion of magic
 A - 4 potions of resistance
 C - 8 potions of brilliance
 E - 19 potions of curing
 H - 2 potions of cancellation
 J - 4 potions of haste
 O - 4 potions of invisibility
 V - 10 potions of might
Books
 p - a manual of Maces & Flails
Miscellaneous
 d - a crystal ball of energy
 m - a sack of spiders
 M - a lightning rod (4/4)
 N - 2 phantom mirrors
 U - a lamp of fire
Comestibles
 f - 18 rations


   Skills:
 - Level 18.0 Fighting
 - Level 18.0 Axes
 - Level 18.0 Armour
 * Level 13.8 Dodging
 - Level 25.0 Shields
 - Level 10.0 Evocations


You had 20 spell levels left.
You didn't know any spells.
Your spell library was empty.

Dungeon Overview and Level Annotations

Branches:
Dungeon (15/15)            Temple (1/1) D:4            Lair (6/6) D:10
  Swamp (4/4) Lair:2        Snake (0/4) Lair:4        Slime (0/5) Lair:5
    Orc (2/2) D:11            Elf (0/3) Orc:2        Vaults (4/5) D:14
  Crypt (0/3) Vaults:3     Depths (3/5) D:15

Altars:
Ashenzari
Elyvilon
Fedhas
Gozag
Kikubaaqudgha
Okawaru
Qazlal
Trog
Wu Jian
Yredelemnul
Zin
The Shining One
Beogh

Shops:
D:6 (*   Orc:1 *   Orc:2 }=*%   Vaults:1 }

Portals:
Hell: Depths:1 Depths:2
Trove: Vaults:2 (give +6 demon trident)

Annotations:
Lair:5 exclusion: 4 oklob plants
Swamp:4 exclusion: Roxanne, Roxanne
Vaults:3 4 runed translucent doors


Innate Abilities, Weirdness & Mutations

You reflexively headbutt those who attack you in melee.
You have a pair of horns on your head.
You have supernaturally acute eyesight. (SInv)
Your body sometimes deteriorates upon taking damage.
Your magical capacity is low. (-10% MP)
Your natural rate of healing is unusually fast.


Message History

You feel quite a bit more hungry.
You block the tentacled monstrosity's attack.
The tentacled monstrosity barely misses you.
You block the tentacled monstrosity's attack.
* * * LOW HITPOINT WARNING * * *
The tentacled monstrosity constricts you.
The red ugly thing basks in the mutagenic energy from its kin and changes!
The boggart gestures wildly while chanting.
The boggart blinks!
The spriggan rider hits you from afar with a +0 spear!
* * * LOW HITPOINT WARNING * * *
The yaktaur captain shoots a bolt.
The bolt hits you!
* * * LOW HITPOINT WARNING * * *
The deep troll earth mage bites you but does no damage.
The deep troll earth mage claws you but does no damage.
You block the deep troll earth mage's attack.
The spriggan rider hits you but does no damage.
The great orb of eyes bites you but does no damage.
The red very ugly thing punches you!
You die... ..#. #.. #.####.#### .....#.# #....# #C..#.# #.#### ###..ug.# #.# ucG...pc## #.# cuOu.QJCG##

#.# #Dii## #.#
#########Gu).#####.#
......./.@XC.......#
#####.c#CT##.g#####
#..#.## #
.T.....(..#
########..# #..#
#.># ##.# .#


You could see a tentacled monstrosity, a red very ugly thing, a fire dragon, 2
stone giants, a yaktaur captain, 2 great orbs of eyes, a green ugly thing, a
very large slime creature, 2 spriggan riders, a centaur warrior, a deep troll
earth mage, a wizard (invisible), 2 boggarts and a friendly stone giant
(berserk).

Vanquished Creatures
  The ghost of rgbqcd the Executioner, a veteran MiBe of Trog (Vaults:3)
  Frederick (Vaults:2)
  Margery (Vaults:4)
  The ghost of dracomuter the Warrior, an adept DrTm of Makhleb (Vaults:2)
  A lich (Depths:2)
  2 tentacled monstrosities (Depths:2)
  Rupert (D:14)
  A titan (Depths:2)
  2 sphinxes (Depths:2)
  Gastronok (Lair:1)
  Kirke (Lair:5)
  3 thorn hunters
  2 tengu reavers
  A storm dragon (Vaults:3)
  2 fire giants
  5 frost giants
  Louise (D:14)
  An iron dragon (Depths:3)
  A deep elf sorcerer (Depths:3)
  A caustic shrike zombie (Depths:3)
  3 vault wardens
  8 very ugly things
  A war gargoyle (Vaults:4)
  2 spriggan defenders (Vaults:2)
  An entropy weaver (Vaults:3)
  8 ironheart preservers
  A juggernaut skeleton (Depths:3)
  14 stone giants
  3 vampire knights
  A deep elf demonologist (Vaults:4)
  A dire elephant (Lair:6)
  A crystal guardian (Vaults:4)
  A spark wasp (Depths:2)
  9 ettins
  A deep elf death mage (Vaults:2)
  Josephine (D:14)
  9 fire dragons
  A large abomination (Vaults:2)
  Erolcha (D:13)
  A deep elf high priest (Depths:2)
  13 yaktaur captains
  11 great orbs of eyes
  5 rakshasas
  2 ghost crabs
  Fannar (D:10)
  2 shambling mangroves
  Harold (D:8)
  3 vault guards
  22 hydras
  2 spriggan air magi
  4 ice dragons
  A catoblepas (Lair:6)
  A death knight (Vaults:4)
  15 ogre magi
  6 centaur warriors
  15 alligators
  3 death yaks (Lair:6)
  The ghost of Sverke the Basher, a journeyman GrMo of Ashenzari (D:9)
  42 two-headed ogres
  A queen ant (Lair:3)
  5 deep troll earth magi
  A vampire mage (Depths:1)
  3 spriggan berserkers
  13 tengu warriors
  7 orc high priests (Orc:2)
  6 deep troll shamans
  2 deep elf knights
  7 skeletal warriors
  3 iron trolls (Depths:1)
  6 hell knights
  2 fire crabs (Swamp:4)
  A shadow wraith (Vaults:1)
  A storm dragon skeleton (Vaults:3)
  3 flayed ghosts
  An unseen horror (Vaults:1)
  3 spriggan druids
  4 wizards
  3 deep elf archers
  5 deep trolls
  8 swamp dragons
  2 glowing orange brains
  A glowing orange brain (shapeshifter) (Depths:2)
  A tengu zombie (Vaults:1)
  A phantasmal warrior (Vaults:4)
  9 ironbrand convokers
  4 lindwurms
  10 necromancers
  11 orc knights
  5 deep elf magi
  A shadow dragon skeleton (Vaults:3)
  A stone giant zombie (Vaults:4)
  6 wolf spiders
  A mana viper (shapeshifter) (Depths:2)
  A tengu skeleton (Vaults:3)
  28 ugly things
  A manticore (D:13)
  5 cyclopes
  12 elephants
  4 black mambas
  2 centaur zombies
  21 spiny frogs
  2 fire giant skeletons
  10 vault sentinels
  2 gargoyles
  3 torpor snails
  A storm dragon simulacrum (Vaults:3)
  A yaktaur zombie (Vaults:3)
  4 rime drakes
  6 komodo dragons
  10 freezing wraiths
  36 yaktaurs
  A rime drake (shapeshifter) (Vaults:3)
  3 human skeletons
  A yaktaur skeleton (Vaults:3)
  A troll (shapeshifter) (Depths:3)
  5 tengu conjurers
  13 trolls
  A tengu simulacrum (Vaults:3)
  14 hornets
  4 polar bears
  A jumping spider (shapeshifter) (Depths:1)
  2 wind drakes (shapeshifter) (Depths:1)
  68 slime creatures
  A polar bear (shapeshifter) (Vaults:1)
  4 bog bodies
  11 dream sheep
  11 hippogriffs
  19 blink frogs
  8 tyrant leeches
  A meliai zombie (D:12)
  A frost giant simulacrum (Vaults:3)
  A fire giant simulacrum (Vaults:3)
  An ettin zombie (Vaults:3)
  5 water elementals (Depths:1)
  5 shadows
  3 redbacks (Vaults:3)
  5 spriggans
  A wyvern (shapeshifter) (Depths:1)
  2 wyverns
  10 wraiths
  A vampire (D:15)
  3 basilisks
  29 yaks
  5 hogs (Lair:5)
  18 humans (D:14)
  2 elf zombies (Depths:2)
  A hungry ghost (D:9)
  3 steam dragons
  14 vampire mosquitoes
  A yaktaur simulacrum (Vaults:4)
  A human simulacrum (Vaults:3)
  A warg (shapeshifter) (Vaults:1)
  12 wargs
  6 soldier ants (Lair:3)
  10 acid dragons
  12 swamp worms
  14 water moccasins
  A soldier ant (shapeshifter) (Vaults:1)
  An ogre skeleton (Vaults:1)
  Duvessa (D:7)
  19 porcupines
  3 black bears
  25 orc warriors
  A sky beast (D:8)
  10 swamp drakes
  3 ice beasts
  A phantom (D:5)
  An eye of draining (D:14)
  An eye of draining (shapeshifter) (Depths:1)
  A necrophage (D:10)
  12 boggarts
  12 centaurs
  41 ogres
  13 wolves
  16 crocodiles
  18 bullfrogs
  3 human zombies
  A wyvern zombie (D:13)
  Dowan (D:7)
  2 scorpions
  7 wights
  12 killer bees
  An elf simulacrum (Vaults:2)
  2 electric eels (Lair:3)
  3 howler monkeys
  15 crimson imps
  A lava snake (Swamp:4)
  A bullfrog zombie (D:7)
  A quasit (D:7)
  5 jellies
  33 orc priests
  4 hounds
  11 orc wizards
  3 bullfrog skeletons
  4 centaur skeletons
  10 iguanas
  25 worker ants
  A hound skeleton (D:6)
  11 adders
  16 gnolls
  A howler monkey skeleton (D:8)
  2 worker ant zombies
  A shadow imp (D:11)
  3 worms
  A dart slug (D:1)
  5 leopard geckos
  75 orcs
  10 bats
  6 giant cockroaches
  11 goblins
  20 hobgoblins
  4 jackals
  14 kobolds
  8 quokkas
  4 ball pythons
  10 frilled lizards
  A jackal skeleton (D:5)
  A quokka skeleton (D:4)
  2 quokka zombies
  11 rats
  3 briar patches (Swamp:1)
  5 fungi
  A plant (D:10)
1423 creatures vanquished.

Vanquished Creatures (collateral kills)
  A thorn hunter (Swamp:1)
  A vault warden (Vaults:3)
  A vampire knight (Vaults:2)
  A deep troll earth mage (Depths:1)
  A skeletal warrior (Vaults:2)
  A necromancer (D:14)
  A cyclops (Vaults:2)
  2 deep elf magi (Vaults:2)
  A black mamba (Lair:3)
  3 yaks (Lair:3)
  3 soldier ants (Lair:3)
  A water moccasin (Lair:3)
  An orc warrior (Vaults:2)
  7 worker ants (Lair:3)
25 creatures vanquished.

Vanquished Creatures (others)
  A hydra (Swamp:4)
  A spriggan druid (Swamp:3)
  A necromancer (Vaults:1)
  A hornet (Swamp:3)
  A spriggan (Swamp:3)
  A water elemental (Depths:1)
  A steam dragon (Swamp:4)
  A swamp drake (Swamp:4)
  A boggart (Vaults:2)
  4 briar patches (Swamp:4)
  5 fungi
  9 plants
27 creatures vanquished.

Grand Total: 1475 creatures vanquished

Notes
Turn   | Place    | Note
-------+----------+-------------------------------------------
     0 | D:1      | Supaplex the Minotaur Fighter began the quest for the Orb.
     0 | D:1      | Reached XP level 1. HP: 19/19 MP: 0/0
    50 | D:1      | Reached XP level 2. HP: 26/26 MP: 1/1
   649 | D:1      | Reached XP level 3. HP: 31/31 MP: 2/2
  1619 | D:3      | Reached skill level 5 in Axes
  1641 | D:3      | Reached XP level 4. HP: 14/40 MP: 3/3
  1965 | D:3      | Reached skill level 5 in Fighting
  2212 | D:4      | Reached XP level 5. HP: 48/48 MP: 4/4
  2229 | D:4      | Found a staircase to the Ecumenical Temple.
  2254 | Temple   | Entered the Ecumenical Temple
  2293 | Temple   | Became a worshipper of Trog the Wrathful
  2553 | D:4      | Reached XP level 6. HP: 52/56 MP: 5/5
  2819 | D:4      | Reached * piety under Trog
  2981 | D:5      | Entered Level 5 of the Dungeon
  3048 | D:5      | You fall through a shaft!
  3052 | D:6      | Noticed an ice beast
  3058 | D:6      | Killed an ice beast
  3074 | D:6      | Found Ronet's Antique Weapon Shoppe.
  3083 | D:6      | Reached XP level 7. HP: 35/61 MP: 6/6
  3389 | D:5      | Found a white marble altar of Elyvilon.
  3389 | D:5      | Found a blossoming altar of Fedhas.
  3637 | D:5      | Reached ** piety under Trog
  3637 | D:5      | Reached skill level 10 in Axes
  3903 | D:6      | Reached XP level 8. HP: 59/68 MP: 7/7
  4077 | D:6      | Found Wiyfaf's Lightly-Used Armoury.
  4083 | D:6      | Bought a -3 executioner's axe for 1 gold piece
  4321 | D:6      | Bought a bone broad axe for 243 gold pieces
  4321 | D:6      | Identified the cursed +0 broad axe "Xecseph" {flame, +Fly
                  | rC+ Str+4 Stlth+} (You bought it in a shop on level 6 of
                  | the Dungeon)
  4341 | D:7      | Noticed Duvessa
  4341 | D:7      | Noticed Dowan
  4348 | D:7      | Killed Duvessa
  4364 | D:7      | Killed Dowan
  5061 | D:8      | Noticed Harold
  5074 | D:8      | Killed Harold
  5074 | D:8      | Reached XP level 9. HP: 37/74 MP: 8/8
  5325 | D:8      | Reached *** piety under Trog
  5797 | D:9      | Reached skill level 15 in Axes
  5807 | D:9      | Reached XP level 10. HP: 25/81 MP: 9/9
  6278 | D:9      | Found a runed translucent gate.
  6278 | D:9      | Found a runed translucent gate.
  6278 | D:9      | Found a runed translucent gate.
  6278 | D:9      | Noticed Sverke's ghost (journeyman GrMo)
  6442 | D:9      | Killed Sverke's ghost
  6503 | D:10     | Entered Level 10 of the Dungeon
  6503 | D:10     | Noticed Fannar
  6518 | D:10     | Killed Fannar
  6752 | D:10     | Reached skill level 5 in Armour
  6754 | D:10     | Reached **** piety under Trog
  6757 | D:10     | Reached XP level 11. HP: 57/86 MP: 10/10
  6990 | D:10     | Noticed a brown ugly thing
  6995 | D:10     | Killed a brown ugly thing
  7393 | D:10     | Found a staircase to the Lair.
  7539 | D:11     | Reached ***** piety under Trog
  7691 | D:11     | Reached skill level 10 in Armour
  7745 | D:11     | Received a gift from Trog
  7939 | D:11     | Found a flagged portal.
  7950 | Bailey   | Entered a bailey
  8243 | D:11     | Found a staircase to the Orcish Mines.
  8306 | Lair:1   | Entered Level 1 of the Lair of Beasts
  8326 | Lair:1   | Noticed Gastronok
  8344 | Lair:1   | Killed Gastronok
  8466 | Lair:1   | Reached skill level 10 in Fighting
  8466 | Lair:1   | Reached XP level 12. HP: 85/106 MP: 11/11
  8469 | Lair:1   | Reached skill level 4 in Shields
  8497 | Lair:1   | Got a flickering sapphire amulet
  8511 | Lair:1   | Reached skill level 5 in Shields
  8589 | Lair:1   | Reached skill level 6 in Shields
  8705 | Lair:1   | Reached skill level 7 in Shields
  8739 | Lair:1   | Identified the amulet of Uleuhuha {RegenMP Stlth+} (You
                  | found it on level 1 of the Lair of Beasts)
  8842 | Lair:2   | Received a gift from Trog
  8934 | Lair:2   | Reached skill level 8 in Shields
  8997 | Lair:2   | Reached skill level 9 in Shields
  9122 | Lair:2   | Noticed a four-headed hydra
  9134 | Lair:2   | Killed a four-headed hydra
  9134 | Lair:2   | Reached skill level 10 in Shields
  9146 | Lair:2   | Noticed a four-headed hydra
  9152 | Lair:2   | Killed a four-headed hydra
  9155 | Lair:2   | Found a staircase to the Swamp.
  9247 | Lair:2   | Reached skill level 11 in Shields
  9905 | Lair:3   | Reached skill level 12 in Shields
 10077 | Lair:3   | Noticed an eight-headed hydra
 10086 | Lair:3   | Killed an eight-headed hydra
 10086 | Lair:3   | Reached XP level 13. HP: 46/113 MP: 12/12
 10158 | Lair:3   | Reached skill level 13 in Shields
 10179 | Lair:3   | Received a gift from Trog
 10770 | Lair:4   | Found the amulet of the Air {Inacc +Fly rElec EV+5 RMsl}
 10816 | Lair:4   | You fall through a shaft!
 10853 | Lair:5   | Reached skill level 14 in Shields
 10919 | Lair:5   | Found a dark tunnel.
 10981 | Lair:5   | Found a staircase to the Slime Pits.
 11030 | Lair:5   | Noticed Kirke
 11063 | Lair:5   | Killed Kirke
 11063 | Lair:5   | Reached skill level 15 in Shields
 11520 | Lair:4   | Gained mutation: You are dopey. (Int -2) [potion of
                  | mutation]
 11520 | Lair:4   | Lost mutation: You are dopey. (Int -2) [potion of mutation]
 11521 | Lair:4   | Gained mutation: You are partially covered in rugged brown
                  | scales. (AC +1, +3% HP) [potion of mutation]
 11521 | Lair:4   | Gained mutation: You are dopey. (Int -2) [potion of
                  | mutation]
 11521 | Lair:4   | Gained mutation: You have a pair of large horns on your
                  | head. [potion of mutation]
 11521 | Lair:4   | Gained mutation: You are agile. (Dex +2) [potion of
                  | mutation]
 11522 | Lair:4   | Lost mutation: You are partially covered in rugged brown
                  | scales. (AC +1, +3% HP) [potion of mutation]
 11522 | Lair:4   | Lost mutation: You are dopey. (Int -2) [potion of mutation]
 11522 | Lair:4   | Lost mutation: You are agile. (Dex +2) [potion of mutation]
 11522 | Lair:4   | Lost mutation: You have a pair of large horns on your head.
                  | [potion of mutation]
 11522 | Lair:4   | Gained mutation: You are weak. (Str -2) [potion of
                  | mutation]
 11522 | Lair:4   | Gained mutation: Your spells are a little easier to cast,
                  | but a little less powerful. [potion of mutation]
 11522 | Lair:4   | Lost mutation: Your spells are a little easier to cast, but
                  | a little less powerful. [potion of mutation]
 11522 | Lair:4   | Gained mutation: You have large cloven feet. [potion of
                  | mutation]
 11603 | Lair:4   | Reached skill level 16 in Shields
 11604 | Lair:4   | Received a gift from Trog
 11642 | Lair:4   | Found a staircase to the Snake Pit.
 11943 | Lair:5   | Reached skill level 17 in Shields
 11943 | Lair:5   | Reached XP level 14. HP: 121/121 MP: 13/13
 12362 | Lair:6   | Entered Level 6 of the Lair of Beasts
 12427 | Lair:6   | Reached skill level 18 in Shields
 12718 | Lair:6   | Reached XP level 15. HP: 126/126 MP: 14/14
 13053 | Lair:6   | Received a gift from Trog
 13079 | Lair:6   | Reached skill level 19 in Shields
 13656 | D:6      | Bought -3 gold dragon scales for 780 gold pieces
 14125 | Orc:1    | Entered Level 1 of the Orcish Mines
 14129 | Orc:1    | Reached skill level 20 in Shields
 14142 | Orc:1    | Found Qourph's General Store.
 14164 | Orc:1    | Bought a scroll of identify for 32 gold pieces
 14558 | Orc:2    | Entered Level 2 of the Orcish Mines
 14558 | Orc:2    | Found a staircase to the Elven Halls.
 14829 | Orc:2    | Received a gift from Trog
 15037 | Orc:2    | Found a roughly hewn altar of Beogh.
 15227 | Orc:2    | Found Ituceo's Gadget Boutique.
 15252 | Orc:2    | Found Xoruiq's Jewellery Emporium.
 15262 | Orc:2    | Reached ****** piety under Trog
 15339 | Orc:2    | Found Seijod's General Store.
 15357 | Orc:2    | Bought a scroll of noise for 14 gold pieces
 15357 | Orc:2    | Bought an uncursed ring of resist corrosion for 280 gold
                  | pieces
 15393 | Orc:2    | Found Jeduips's Food Emporium.
 15672 | D:12     | Reached skill level 21 in Shields
 15714 | D:12     | You fall through a shaft!
 16060 | D:13     | Noticed Erolcha
 16067 | D:13     | Killed Erolcha
 16151 | D:13     | Lost mutation: You are weak. (Str -2) [potion of mutation]
 16151 | D:13     | Lost mutation: You have large cloven feet. [potion of
                  | mutation]
 16151 | D:13     | Gained mutation: Your natural rate of healing is unusually
                  | fast. [potion of mutation]
 16151 | D:13     | Gained mutation: Your magical capacity is low. (-10% MP)
                  | [potion of mutation]
 16151 | D:13     | Gained mutation: You have supernaturally acute eyesight.
                  | (SInv) [potion of mutation]
 16165 | D:13     | Received a gift from Trog
 16209 | D:13     | Found an ornate altar of the Wu Jian Council.
 16463 | D:14     | You fall through a shaft!
 16463 | D:15     | Entered Level 15 of the Dungeon
 16713 | D:14     | Noticed Louise
 16749 | D:14     | Killed Louise
 16790 | D:14     | Noticed Josephine
 16792 | D:14     | Reached skill level 22 in Shields
 16798 | D:14     | Killed Josephine
 16798 | D:14     | Reached XP level 16. HP: 121/134 MP: 13/13
 16917 | D:14     | Noticed Rupert
 16919 | D:14     | Received a gift from Trog
 16931 | D:14     | Killed Rupert
 16933 | D:14     | Got a smoking broad axe {god gift}
 16940 | D:14     | Identified the +1 broad axe of Athrul {speed, Dex+6} (Trog
                  | gifted it to you on level 14 of the Dungeon)
 17294 | D:14     | Found a gate to the Vaults.
 17555 | D:12     | Reached skill level 23 in Shields
 17645 | D:12     | Received a gift from Trog
 18567 | D:15     | Found a staircase to the Depths.
 18947 | Swamp:1  | Entered Level 1 of the Swamp
 19071 | Swamp:1  | Received a gift from Trog
 19276 | Swamp:1  | Reached skill level 24 in Shields
 19367 | Swamp:1  | Noticed a thorn hunter
 19374 | Swamp:1  | Killed a thorn hunter
 19408 | Swamp:1  | Noticed a thorn hunter
 19427 | Swamp:1  | Killed a thorn hunter
 20534 | Swamp:3  | Found a transporter.
 20590 | Swamp:3  | Reached XP level 17. HP: 140/140 MP: 14/14
 20902 | Swamp:3  | Received a gift from Trog
 20915 | Swamp:3  | Reached skill level 25 in Shields
 20946 | Swamp:3  | Found a transporter.
 20974 | Swamp:3  | Paralysed by a Zot trap for 3 turns
 21024 | Swamp:3  | Got a serpentine granite ring
 21026 | Swamp:3  | Identified the ring of Tension {rF+ rC+ rN+ Str+3} (You
                  | found it on level 3 of the Swamp)
 21033 | Swamp:3  | Identified the Papyrus of Helpful Toxins
 21044 | Swamp:3  | Got a coiled wooden ring
 21046 | Swamp:3  | Identified the ring "Doustod" {MR+ Int+2} (You found it on
                  | level 3 of the Swamp)
 21205 | Swamp:4  | Entered Level 4 of the Swamp
 21997 | Swamp:4  | Got a decaying rune of Zot
 22155 | Swamp:4  | Received a gift from Trog
 22256 | Swamp:4  | Identified Roxanne's Papyrus of Stones
 22256 | Swamp:4  | Noticed Roxanne
 22863 | Orc:1    | Bought the amulet of Moodiness {Acrobat Slay+3} for 793
                  | gold pieces
 22863 | Orc:1    | Bought a ration for 80 gold pieces
 22863 | Orc:1    | Bought a ration for 80 gold pieces
 22996 | Vaults:1 | Entered Level 1 of the Vaults
 23015 | Vaults:1 | Found Zeynuon's Gadget Shoppe.
 23272 | Vaults:1 | Reached skill level 15 in Armour
 23477 | Vaults:1 | Got a translucent pewter ring
 23479 | Vaults:1 | Identified the ring of Vysinog {Ice MR+ Dex+4 SInv} (You
                  | found it on level 1 of the Vaults)
 23534 | Vaults:1 | Got a pitted bronze ring
 23536 | Vaults:1 | Identified the ring "Hyox" {*Drain Int+6 Stlth-} (You found
                  | it on level 1 of the Vaults)
 24497 | Vaults:1 | Reached XP level 18. HP: 140/147 MP: 15/15
 24870 | Vaults:2 | Noticed Frederick
 24891 | Vaults:2 | Killed Frederick
 24902 | Vaults:2 | Reached skill level 1 in Dodging
 25097 | Vaults:2 | Reached skill level 5 in Dodging
 25444 | Vaults:2 | Found a runed translucent door.
 25444 | Vaults:2 | Noticed dracomuter's ghost (adept DrTm)
 25465 | Vaults:2 | Killed dracomuter's ghost
 25634 | Vaults:2 | Received a gift from Trog
 25648 | Vaults:2 | Reached skill level 10 in Dodging
 25784 | Vaults:2 | Reached skill level 1 in Evocations
 25947 | Vaults:2 | Found a portal to a secret trove of treasure.
 26193 | Vaults:3 | Found Reidumn's Weapon Shop.
 26227 | Vaults:3 | Found a large runed translucent door.
 26227 | Vaults:3 | Found a large runed translucent door.
 26227 | Vaults:3 | Found a large runed translucent door.
 26227 | Vaults:3 | Found a large runed translucent door.
 26227 | Vaults:3 | Found a large runed translucent door.
 26227 | Vaults:3 | Found a large runed translucent door.
 26227 | Vaults:3 | Found a large runed translucent door.
 26227 | Vaults:3 | Found a large runed translucent door.
 26227 | Vaults:3 | Noticed rgbqcd's ghost (veteran MiBe)
 26251 | Vaults:3 | Reached XP level 19. HP: 101/154 MP: 19/19
 26265 | Vaults:3 | Killed rgbqcd's ghost
 26265 | Vaults:3 | Reached skill level 5 in Evocations
 26327 | Vaults:3 | You fall through a shaft!
 26337 | Vaults:4 | Received a gift from Trog
 26668 | Vaults:4 | Received a gift from Trog
 26716 | Vaults:4 | Noticed Margery
 26734 | Vaults:4 | Killed Margery
 27368 | Vaults:3 | Reached skill level 10 in Evocations
 27561 | Vaults:3 | Received a gift from Trog
 27796 | Vaults:3 | Found a staircase to the Crypt.
 27796 | Vaults:3 | Found a basalt altar of Yredelemnul.
 27797 | Vaults:3 | Found an ancient bone altar of Kikubaaqudgha.
 28462 | Depths:1 | Entered Level 1 of the Depths
 28544 | Depths:1 | Reached XP level 20. HP: 99/172 MP: 23/23
 28875 | Depths:1 | Reached skill level 15 in Fighting
 28923 | Depths:1 | Found a gateway to Hell.
 28983 | Depths:1 | Identified the +8 flail "Qiosiol" {protect, rF- MR+ Int+6}
 29395 | Depths:2 | Received a gift from Trog
 29410 | Depths:2 | Identified the +5 hunting sling of Intuition {freeze, +Inv
                  | rElec Str-3 Dex+3}
 29646 | Depths:2 | Gained mutation: Your body sometimes deteriorates upon
                  | taking damage. [a shining eye]
 29730 | Depths:2 | Reached XP level 21. HP: 194/194 MP: 24/24
 29732 | Depths:2 | Found the +2 hat of the Bear Spirit {Spirit, +Rage rN+
                  | MR++}
 29782 | Depths:2 | Identified the cursed +1 chain mail "Husmax" {rElec rF+
                  | Int+8}
 29951 | Depths:2 | Received a gift from Trog
 30551 | Depths:3 | HP: 1/194 [yaktaur captain/bolt (9)]
 30551 | Depths:3 | Mangled by a red very ugly thing

Skill      XL: |  1  2  3  4  5  6  7  8  9 10 11 12 13 14 15 16 17 18 19 20 21 |
---------------+----------------------------------------------------------------+-----
Axes           | 3 4 5 6 8 10 13 15 18 | 18.0
Fighting       | 4 5 10 13 18 | 18.0
Armour         | 4 5 10 16 18 | 18.0
Shields        | 12 17 18 22 24 25 | 25.0
Dodging        | 10 12 13 | 13.8
Evocations     | 4 10 | 10.0

Action                   |  1- 3 |  4- 6 |  7- 9 | 10-12 | 13-15 | 16-18 | 19-21 || total
-------------------------+-------+-------+-------+-------+-------+-------+-------++-------
Melee: War axe           |   102 |   130 |   124 |       |       |       |       ||   356
       Headbutt          |    12 |    23 |    47 |   116 |   185 |   388 |   319 ||  1090
       Broad axe         |       |       |   135 |   475 |   772 |  1261 |   946 ||  3589
       Mace              |       |       |       |    27 |    48 |    50 |       ||   125
       Kick              |       |       |       |       |   193 |       |       ||   193
Invok: Berserk           |       |     1 |     2 |     1 |       |     3 |     1 ||     8
       Trog's Hand       |       |       |     2 |     2 |       |     4 |     1 ||     9
       Brothers in Arms  |       |       |       |     1 |     3 |     5 |     3 ||    12
 Abil: Evoke Flight      |       |       |       |       |       |     1 |     1 ||     2
Evoke: Lamp of fire      |       |       |       |       |       |     1 |       ||     1
  Use: Potion            |       |     3 |       |     2 |     6 |       |     2 ||    13
       Scroll            |       |     2 |     4 |     9 |    22 |     5 |     3 ||    45
 Stab: Distracted        |       |       |       |       |     1 |       |     2 ||     3
  Eat: Chunk             |     2 |     5 |     7 |    11 |    13 |    14 |    10 ||    62
       Ration            |       |       |     2 |     7 |    15 |    13 |     4 ||    41
Armor: Scale mail        |    43 |    32 |       |       |       |       |       ||    75
       Chain mail        |       |    32 |    78 |       |       |       |       ||   110
       Plate armour      |       |       |    19 |   214 |   163 |       |       ||   396
       Gold dragon scale |       |       |       |       |    80 |   495 |   267 ||   842
Dodge: Dodged            |    43 |    35 |    34 |   147 |    71 |   179 |   183 ||   692
Block: Shield            |    49 |    54 |   110 |     8 |       |       |       ||   221
       Buckler           |       |       |       |    72 |       |       |       ||    72
       Large shield      |       |       |       |    61 |   694 |  1326 |   899 ||  2980
